 Dungeon Crawl Stone Soup version 0.29.1-1-gd02db6906a (webtiles) character file.

Game seed: 9581348185879416864

2 xian the Grave Robber (level 1, 0/14 HPs)
             Began as a Draconian Necromancer on Oct 17, 2022.
             Slain by a goblin
             ... wielding a +0 club
              (1 damage)
             ... on level 1 of the Dungeon.
             The game lasted 00:00:27 (64 turns).

xian the Grave Robber (Draconian Necromancer)         Turns: 64, Time: 00:00:28

Health: 0/14       AC:  4    Str: 10    XL:     1   Next: 33%
Magic:  3/3        EV: 12    Int: 15    God:
Gold:   0          SH:  0    Dex: 11    Spells: 3/4 levels left

rFire   . . .      SeeInvis .   (no weapon)
rCold   . . .      Faith    .   (no shield)
rNeg    . . .      Spirit   .   (body armour unavailable)
rPois   .          Reflect  .   (helmet restricted)
rElec   .          Harm     .   (no cloak)
rCorr   .          Rampage  .   (no gloves)
Will    .....                   (no boots)
Stlth   ++........              (no amulet)
HPRegen 0.04/turn               (no ring)
MPRegen 0.08/turn               (no ring)

@: no status effects
A: AC +4, unfitting armour, cold-blooded
a: no special abilities


You were on level 1 of the Dungeon.
You visited 1 branch of the dungeon, and saw 1 of its levels.

Inventory:

Potions
 b - a potion of mutation {unknown}


   Skills:
 + Level 1.7 Dodging
 + Level 1.7 Stealth
 + Level 2.0 Spellcasting
 + Level 4.1 Necromancy


You had 3 spell levels left.
You knew the following spells:

 Your Spells              Type           Power      Damage    Failure   Level
a - Necrotise             Necr           52%        1d6       4%          1

Your spell library contained the following spells:

 Spells                   Type           Power      Damage    Failure   Level
 Vampiric Draining        Necr           13%        2d6       12%         3
 Animate Dead             Necr           13%        N/A       38%         4
 Agony                    Necr           13%        N/A       75%         5


Dungeon Overview and Level Annotations

Branches:
Dungeon (1/15)

Altars:


Innate Abilities, Weirdness & Mutations

Your plain brown scales are hard. (AC +4)
You cannot fit into any form of body armour.
You are cold-blooded and may be slowed by cold attacks.


Message History

The endoplasm jiggles.
The goblin barely resists.
Unknown command.
Your goblin skeleton barely misses the goblin.
The goblin misses you.
You see here 12 gold pieces.
You completely miss the goblin.
Your goblin skeleton crumbles into dust!
Your hobgoblin skeleton completely misses the goblin.
The goblin misses you.
You barely miss the goblin.
Your hobgoblin skeleton closely misses the goblin.
The endoplasm freezes you.
You are frozen.
The goblin barely misses you. The endoplasm attacks as you move away!
The endoplasm hits you but does no damage.
Your hobgoblin skeleton barely misses the goblin.
You are out of magic!
You are out of magic!
Unknown command.
You are out of magic!
Unknown command.
You hit the goblin.
The goblin is severely wounded.
The goblin hits you with a +0 club. The endoplasm barely misses you.
You barely miss the goblin.
The goblin is severely wounded.
The endoplasm misses you. The goblin hits you with a +0 club.
* * * LOW HITPOINT WARNING * * *
You barely miss the goblin.
Your tail-slap misses the goblin.
The goblin is severely wounded.
Your hobgoblin skeleton barely misses the goblin.
The endoplasm freezes you.
You are frozen.
* * * LOW HITPOINT WARNING * * *
The goblin closely misses you. The goblin attacks as you move away!
The goblin hits you but does no damage.
Your hobgoblin skeleton barely misses the goblin.
Magic courses through your body. The goblin hits you with a +0 club.
You die...

..## ...# ##.. #
##..# .#
##.###...##.#.#
#......$Z.....#
#+####....##########
.......Jg...........
........@....######
......######.#
........# #.#
........# #.#
.........## #.#
.....##...# #.#
.........###
#.######
..###......#
#......#
#.#........#
######.#


You could see an endoplasm, a goblin (ally target) and a friendly hobgoblin
skeleton.

Vanquished Creatures
  A goblin (D:1)
  A hobgoblin (D:1)
2 creatures vanquished.

Notes
Turn   | Place    | Note
-------+----------+-------------------------------------------
     0 | D:1      | xian the Draconian Necromancer began the quest for the Orb.
     0 | D:1      | Reached XP level 1. HP: 14/14 MP: 3/3
    64 | D:1      | Slain by a goblin

Illustrated notes

Levels and vault maps discovered:
D:1:      dpeg_arrival_leaves_temple_mockup, layout_basic,
          dreamdust_ecumenical_altar_hidden_monk_grotto,
          minmay_gold_behind_fungi, minmay_cupped

Action                   || total
-------------------------++-------
Melee: Unarmed           ||     5
 Cast: Necrotise         ||     5
  Use: Potion            ||     1
Armor: Skin              ||     2
Dodge: Dodged            ||     6
